 Dungeon Crawl Stone Soup version 0.31.0-11-ge490571c62 (webtiles) character file.

Game seed: 9357781867501649154

48 qw the Shooter (level 3, 0/18 HPs)
             Began as a Spriggan Hunter on Feb 4, 2024.
             Succumbed to an adder's poison
             ... on level 3 of the Dungeon.
             The game lasted 00:00:04 (1754 turns).

qw the Shooter (Spriggan Hunter)                    Turns: 1754, Time: 00:00:05

Health: 0/18       AC:  2    Str:  7    XL:     3   Next: 50%
Magic:  4/4        EV: 19    Int: 10    God:
Gold:   9          SH:  0    Dex: 20    Spells: 2/2 levels left

rFire   . . .        a - +1 shortbow
rCold   . . .        (shield currently unavailable)
rNeg    . . .        c - +0 robe
rPois   .            (helmet restricted)
rElec   .            (no cloak)
rCorr   .            (gloves unavailable)
SInv    +            (boots unavailable)
Will    .....        (no amulet)
Stlth   ++           (no ring)
HPRegen 0.23/turn    (no ring)
MPRegen 0.09/turn

%: no passive effects
@: lethally poisoned (0 -> -5), about to teleport, very quick
A: very small, no large weapons, unfitting armour, see invisible, speed 3
a: no special abilities


You were on level 3 of the Dungeon.
You visited 1 branch of the dungeon, and saw 3 of its levels.

You collected 61 gold pieces.
You spent 52 gold pieces at shops.


Innate Abilities, Weirdness & Mutations

You are very small and have problems with some larger weapons.
You are too small for most types of armour.
You have supernaturally acute eyesight. (SInv)
You cover ground extremely quickly. (Speed+++)


   Skills:
 - Level 1.5 Fighting
 + Level 4.8 Ranged Weapons
 - Level 4.0 Dodging
 - Level 1.5 Stealth


You had 2 spell levels left.
You didn't know any spells.
Your spell library was empty.

Inventory:

Hand Weapons
 a - a +1 shortbow (weapon)
Armour
 c - a +0 robe (worn)
Wands
 e - a wand of digging (5)
Scrolls
 b - 2 scrolls of identify
 d - a scroll of teleportation
 h - a scroll of vulnerability {unknown}
 i - a scroll of amnesia {unknown}
Potions
 f - a potion of cancellation
 g - a potion of haste

Dungeon Overview and Level Annotations

Branches:
Dungeon (3/15)

Altars:
Vehumet

Shops:
D:1 [   D:3 ?[


Message History

A kobold comes into view. It is wielding a +0 short sword.
You shoot an arrow. The arrow barely misses the adder.
The adder closely misses you.
The kobold throws a stone.
The stone completely misses you.
You shoot an arrow. The arrow hits the adder.
The adder is lightly wounded.
The adder completely misses you. x2
You shoot an arrow. The arrow hits the adder.
The adder is lightly wounded.
The adder bites you. The kobold closely misses you.
You shoot an arrow. The arrow completely misses the adder.
The adder barely misses you.
The kobold hits you with a +0 short sword.
The adder misses you.
You shoot an arrow. The arrow closely misses the adder.
The kobold closely misses you. The adder bites you.
You are poisoned.
The adder poisons you!
You shoot an arrow. The arrow hits the adder.
The adder is moderately wounded.
You feel sick. The adder misses you. The kobold closely misses you.
The adder bites you.
You are lethally poisoned!
The adder poisons you! The kobold closely misses you.
You shoot an arrow.
The arrow hits the adder but does no damage.
The adder is moderately wounded.
You feel very sick. The adder misses you. The kobold closely misses you.
The adder barely misses you.
You shoot an arrow. The arrow hits the adder!
The adder is almost dead.
You feel very sick. The adder barely misses you. The kobold closely misses you.
1753 ||| READING 2 scrolls of teleportation.
As you read the scroll of teleportation, it crumbles to dust.
You feel strangely unstable.
You feel sick. The adder bites you. The kobold closely misses you.
You shoot an arrow. The arrow closely misses the adder.
You die...

####### #......
.######.##### #
.............
#####.############......
......K@.......>........
######S#######..##.#####
#. #.......... #.
#...#...#.. #!
#...###.#.. #. #...#
#.#.. #+#######...#
#.#.. +.....#...###.#..
#+###.......#......


You could see an adder and a kobold.

Vanquished Creatures
  2 adders
  2 dart slugs (D:2)
  5 endoplasms
  A goblin (D:1)
  A hobgoblin (D:3)
  2 kobolds
  5 ball pythons
  6 bats
  2 frilled lizards (D:2)
  A rat (D:2)
27 creatures vanquished.

Notes
Turn   | Place    | Note
-------+----------+-------------------------------------------
     0 | D:1      | qw the Spriggan Hunter began the quest for the Orb.
     0 | D:1      | Reached XP level 1. HP: 10/10 MP: 2/2
     0 | D:1      | 0 ||| qw: Version: 0.3-a-160-g6735b56
     0 | D:1      | 0 ||| qw: Game counter: 4574
     0 | D:1      | 0 ||| qw: Melee chars always use a shield: true
     0 | D:1      | 0 ||| qw: God list: Okawaru
     0 | D:1      | 0 ||| qw: Allow faded altars: false
     0 | D:1      | 0 ||| qw: Do Orc after clearing Dungeon:15 true
     0 | D:1      | 0 ||| qw: Do second Lair branch before Depths: true
     0 | D:1      | 0 ||| qw: Lair rune preference: random
     0 | D:1      | 0 ||| qw: Goals: Normal
     0 | D:1      | 0 ||| PLANNING D:1-11
   151 | D:1      | Reached skill level 3 in Dodging
   266 | D:1      | Found a faded altar of an unknown god.
   374 | D:1      | Found Tueddumm's Armour Emporium.
   382 | D:1      | 382 ||| SHOPLISTING +0 robe of positive energy (65 gold,
                  | have 36).
   876 | D:1      | 876 ||| READING scroll labelled OSIYMA GYUXKYI.
   877 | D:1      | 877 ||| READING scroll labelled OKKAMN VIMUJ.
   877 | D:1      | 877 ||| IDENTIFYING red potion
   878 | D:1      | 878 ||| READING scroll labelled AMO FIRELO.
   878 | D:1      | 878 ||| ENCHANTING +0 shortbow.
   879 | D:1      | 879 ||| READING scroll labelled UWUSEI POXYLAA.
   882 | D:1      | 882 ||| READING scroll labelled BUIKLEKONU.
   883 | D:1      | 883 ||| DROPPING scroll of butterflies.
   938 | D:2      | Reached XP level 2. HP: 14/14 MP: 3/3
  1083 | D:2      | Found a radiant altar of Vehumet.
  1329 | D:2      | HP: 3/14 [poisoned by an adder]
  1430 | D:2      | Reached XP level 3. HP: 18/18 MP: 4/4
  1564 | D:2      | 1564 ||| DROPPING scarf of shadows.
  1565 | D:2      | 1565 ||| READING 3 scrolls of identify.
  1565 | D:2      | 1565 ||| IDENTIFYING glowing sapphire potion
  1566 | D:2      | 1566 ||| READING 2 scrolls of identify.
  1566 | D:2      | 1566 ||| IDENTIFYING orange potion
  1567 | D:2      | 1567 ||| READING scroll of identify.
  1567 | D:2      | 1567 ||| IDENTIFYING ruby potion
  1568 | D:2      | 1568 ||| READING scroll labelled BUAQ BIZXIEJU.
  1569 | D:2      | 1569 ||| DROPPING potion of berserk rage.
  1570 | D:2      | 1570 ||| DROPPING potion of lignification.
  1652 | D:3      | Found Nyqior's Magic Scroll Shoppe.
  1663 | D:3      | 1663 ||| BUYING scroll of identify (26 gold).
  1663 | D:3      | Bought a scroll of identify for 26 gold pieces
  1663 | D:3      | 1663 ||| BUYING scroll of identify (26 gold).
  1663 | D:3      | Bought a scroll of identify for 26 gold pieces
  1663 | D:3      | 1663 ||| SHOPLISTING scroll of identify (26 gold, have 9).
  1663 | D:3      | 1663 ||| SHOPLISTING scroll of teleportation (39 gold, have
                  | 9).
  1667 | D:3      | Found a radiant altar of Vehumet.
  1700 | D:3      | Found Waekhliu's Antique Armour Boutique.
  1752 | D:3      | HP: 4/18 [poisoned by an adder]
  1753 | D:3      | 1753 ||| READING 2 scrolls of teleportation.
  1754 | D:3      | Succumbed to an adder's poison

Levels and vault maps discovered:
D:1:      dpeg_arrival_water_fire, layout_loops_ring,
          hellmonk_ecumenical_altar_arch_garden, serial_shops, shop
D:2:      layout_basic, basic_altar, amcnicky_mini_pool_small
D:3:      layout_basic, mainiacjoe_overflow_catwalk, serial_shops,
          nicolae_shop_just_a_little_nook, shop, nicolae_shop_behind_doors, shop

Skill      XL: |  1  2 |
---------------+-------+-----
Dodging        | 3 4 |  4.0
Fighting       | |  1.5
Ranged Weapons | |  4.8
Stealth        | |  1.5

Action                     || total
---------------------------++-------
   Fire: Shortbow          ||    74
    Use: Scroll            ||    10
 Armour: Robe              ||    14
  Dodge: Dodged            ||    36

Table legend:
 A = Non-vault XP
 B = Vault XP
 C = Vault XP percentage of total XP
 D = Non-vault monster count
 E = Vault monster count
 F = Vault count percentage of total count
                 A         B        C        D         E       F
            +---------+---------+-------+---------+---------+-------
      Total |      69 |       0 |   0.0 |      27 |       0 |   0.0
            +---------+---------+-------+---------+---------+-------
        D:1 |       9 |       0 |   0.0 |       6 |       0 |   0.0
        D:2 |      40 |       0 |   0.0 |      16 |       0 |   0.0
        D:3 |      20 |       0 |   0.0 |       5 |       0 |   0.0
            +---------+---------+-------+---------+---------+-------
